 Dungeon Crawl Stone Soup version 0.30.1-11-g7821555f0a (webtiles) character file.

Game seed: 7748744283707777692

205 bnorton916 the Magician (level 5, -5/28 HPs)
             Began as a Deep Elf Fire Elementalist on Dec 1, 2023.
             Slain by a sky beast (6 damage)
             ... on level 4 of the Dungeon.
             The game lasted 00:05:15 (3897 turns).

bnorton916 the Magician (DEFE)                      Turns: 3897, Time: 00:05:17

Health: -5/28      AC:  3    Str:  5    XL:     5   Next: 52%
Magic:  3/14       EV: 12    Int: 22    God:
Gold:   158        SH:  0    Dex: 15    Spells: 11/14 levels left

rFire   . . .        u - +6 spear
rCold   . . .        (no shield)
rNeg    . . .        a - +0 robe
rPois   .            l - +0 helmet
rElec   .            (no cloak)
rCorr   .            (no gloves)
SInv    .            (no boots)
Will    .....        (no amulet)
Stlth   ++           d - ring of wizardry
HPRegen 0.24/turn    (no ring)
MPRegen 0.14/turn

%: wizardry (x1)
@: no status effects
A: no striking features
a: no special abilities


You were on level 4 of the Dungeon.
You visited 1 branch of the dungeon, and saw 4 of its levels.

You collected 158 gold pieces.

Inventory:

Hand Weapons
 n - a +2 dagger of venom
 o - a +1 whip of freezing
 u - a +6 spear (weapon)
Missiles
 p - 5 poisoned darts
Armour
 a - a +0 robe (worn)
 l - a +0 helmet (worn)
Jewellery
 d - a ring of wizardry (left hand)
Scrolls
 f - 4 scrolls of identify
 g - a scroll of enchant weapon {unknown}
 i - a scroll of fog {unknown}
 m - a scroll of torment {unknown}
 s - a scroll of vulnerability {unknown}
 t - a scroll of fear {unknown}
Potions
 c - a potion of brilliance {unknown}
 j - 5 potions of heal wounds {unknown}
 k - a potion of might {unknown}
 q - 2 potions of invisibility {unknown}
 r - a potion of curing


   Skills:
 - Level 2.4 Dodging
 - Level 2.4 Stealth
 + Level 5.1 Spellcasting
 + Level 3.4 Conjurations
 + Level 4.8 Fire Magic


You had 11 spell levels left.
You knew the following spells:

 Your Spells              Type           Power      Damage    Failure   Level
a - Foxfire               Conj/Fire      92%        2x1d8     1%          1
b - Scorch                Fire           52%        2d7       1%          2

Your spell library contained the following spells:

 Spells                   Type           Power      Damage    Failure   Level
 Sandblast                Erth           10%        2d5       4%          1
 Inner Flame              Hex/Fire       16%        N/A       4%          3
 Volatile Blastmotes      Fire/Tloc      32%        2d12      4%          3
 Passwall                 Tmut/Erth      4%         N/A       6%          2
 Stone Arrow              Conj/Erth      26%        3d8       6%          3
 Flame Wave               Conj/Fire      23%        2d8       8%          4
 Call Canine Familiar     Summ           5%         N/A       12%         3
 Ozocubu's Armour         Ice            5%         N/A       12%         3
 Portal Projectile        Hex/Tloc       10%        N/A       12%         3
 Leda's Liquefaction      Hex/Erth       2%         N/A       36%         4
 Metabolic Englaciation   Hex/Ice        2%         N/A       69%         5
 Simulacrum               Ice/Necr       2%         N/A       99%         6


Dungeon Overview and Level Annotations

Branches:
Dungeon (4/15)
 Temple: D:4-7

Altars:
Cheibriados
Kikubaaqudgha

Shops:
D:1 =


Message History

The foxfire hits the worm.
The worm is moderately wounded.
The foxfire hits the worm.
The worm is heavily wounded.
Casting: Foxfire (safe; 1% risk of failure)
Confirm with . or Enter, or press ? or * to list all spells.
You conjure some foxfire!
A sky beast comes into view.
The foxfire hits the worm.
The worm is almost dead.
The foxfire hits the worm!
You kill the worm!
Casting: Foxfire (safe; 1% risk of failure)
Confirm with . or Enter, or press ? or * to list all spells.
You conjure some foxfire!
The foxfire hits the sky beast.
The sky beast is lightly wounded.
The foxfire hits the sky beast.
The sky beast is lightly wounded.
Casting: Foxfire (safe; 1% risk of failure)
Confirm with . or Enter, or press ? or * to list all spells.
Flames lash the sky beast.
The sky beast is moderately wounded.
The sky beast's fire resistance burns away.
The sky beast barely misses you.
Unknown command.
Casting: Scorch (safe; 1% risk of failure)
Confirm with . or Enter, or press ? or * to list all spells.
You conjure some foxfire!
The sky beast hits you.
* * * LOW HITPOINT WARNING * * *
The sky beast shocks you.
* * * LOW HITPOINT WARNING * * *
The foxfire hits the sky beast.
The sky beast is burned terribly!
The sky beast is heavily wounded.
The foxfire hits the sky beast!
The sky beast is burned terribly!
The sky beast is almost dead.
The sky beast hits you.
* * * LOW HITPOINT WARNING * * *
The sky beast shocks you.
You die...

.##...........##
...l.........##
...............# .
...##.........#...
...............^..
.##>........#.....
....##.....#....#
.... ##.......###
### #Y@....##
#.........###
..........#
#..+####...# #.
#..## # #.## #..
#.. #.. #####


You could see a sky beast (combustible) and an iguana.

Vanquished Creatures
  A jelly (D:4)
  2 hounds (D:4)
  Jessica (D:2)
  2 adders
  3 worms
  2 dart slugs
  4 orcs (D:3)
  4 ball pythons
  6 bats
  An endoplasm (D:2)
  A giant cockroach (D:4)
  4 goblins
  8 hobgoblins
  2 jackals (D:3)
  5 kobolds
  2 quokkas
  4 frilled lizards
  4 rats
56 creatures vanquished.

Vanquished Creatures (collateral kills)
  A foxfire (D:3)
1 creature vanquished.

Vanquished Creatures (others)
  227 foxfires
227 creatures vanquished.

Grand Total: 284 creatures vanquished

Notes
Turn   | Place    | Note
-------+----------+-------------------------------------------
     0 | D:1      | bnorton916 the Deep Elf Fire Elementalist began the quest
                  | for the Orb.
     0 | D:1      | Reached XP level 1. HP: 10/10 MP: 6/6
   502 | D:1      | Reached XP level 2. HP: 15/15 MP: 6/8
   802 | D:1      | Found Xujawab's Jewellery Emporium.
  1278 | D:1      | Learned a level 2 spell: Scorch
  1574 | D:2      | Reached XP level 3. HP: 19/19 MP: 6/10
  1577 | D:2      | Noticed Jessica
  1583 | D:2      | Killed Jessica
  1584 | D:2      | Reached skill level 4 in Spellcasting
  1986 | D:2      | Reached XP level 4. HP: 24/24 MP: 6/12
  3141 | D:3      | Found a faded altar of an unknown god.
  3646 | D:3      | Found a snail-covered altar of Cheibriados.
  3747 | D:4      | Noticed a phantom
  3831 | D:4      | Found an ancient bone altar of Kikubaaqudgha.
  3864 | D:4      | Reached XP level 5. HP: 9/28 MP: 0/14
  3873 | D:4      | Reached skill level 5 in Spellcasting
  3890 | D:4      | Noticed a sky beast
  3897 | D:4      | HP: 1/28 [sky beast (1)]
  3897 | D:4      | Slain by a sky beast

Illustrated notes

Levels and vault maps discovered:
D:1:      lightli_iron_boxes, layout_basic, serial_shops, nicolae_square_shop
D:2:      layout_loops_ring, uniq_jessica
D:3:      layout_loops_corners, slow_altar_2,
          dreamdust_ecumenical_altar_hidden_monk_grotto
D:4:      layout_cave_pools, kiku_gazebo_garden_becter, elyvilon_altar_4,
          mainiacjoe_overflow_divided_tiny, gammafunk_ghost_icy,
          grunt_ministairs_1

Skill      XL: |  1  2  3  4  5 |
---------------+----------------+-----
Conjurations   | 2 3 |  3.4
Spellcasting   | 4 5 |  5.1
Fire Magic     | 4 |  4.8
Dodging        | |  2.4
Stealth        | |  2.4

Action                     |  1- 3 |  4- 6 || total
---------------------------+-------+-------++-------
   Cast: Foxfire           |    82 |    61 ||   143
         Scorch            |     4 |    18 ||    22
    Use: Scroll            |       |     5 ||     5
         Potion            |       |     3 ||     3
 Armour: Robe              |     1 |     5 ||     6
  Dodge: Dodged            |     8 |    24 ||    32
